[Event "Team 45 45 League T25"]
[Site "Free Internet Chess Server"]
[Date "PST.01.0"]
[Round "3"]
[White "Doubleletter"]
[Black "YOIULI"]
[Result "0-1"]
[WhiteElo "1707"]
[BlackElo "1893"]
[TimeControl "2700+45"]

1. d4 d5 2. Nf3 Nf6 3. Bf4 e6 4. Nbd2 c5 5. e3 Nc6 6. c3 c4 7. Be2 Nh5 8. Ne5 Nxf4 9. exf4 Bd7 10. O-O Bd6 11. Ndf3 Ne7 12. Re1 O-O 13. Qd2 Be8 14. Bd1 f6 15. Ng4 h5 16. Ne3 Bxf4 17. g3 Bh6 18. Qe2 Bg6 19. Nxc4 dxc4 20. Qxe6+ Rf7 21. Nh4 Bd3 22. Bxh5 g6 23. Be2 Qc8 24. Qd6 Nf5 25. Nxf5 Qxf5 26. Bxd3 cxd3 27. Qe6 d2 28. Re2 Qc2   {White resigns} 0-1

[Event "Team 45 45 League T25"]
[Site "Free Internet Chess Server"]
[Date "PST.01.0"]
[Round "3"]
[White "TrondTumyr"]
[Black "sidiAhmed"]
[Result "1-0"]
[WhiteElo "1835"]
[BlackElo "1715"]
[TimeControl "2700+45"]

1. e4 c5 2. Nf3 Nc6 3. d4 cxd4 4. Nxd4 d6 5. Nc3 Nf6 6. f3 a6 7. Be3 e6 8. Qd2 Be7 9. O-O-O Qc7 10. g4 O-O 11. h4 Nxd4 12. Bxd4 e5 13. Be3 Be6 14. h5 b5 15. g5 Ne8 16. Nd5 Bxd5 17. exd5 Rc8 18. Bd3 f5 19. gxf6 Nxf6 20. h6 g6 21. Rdg1 Nxd5 22. Bxg6 Nxe3 23. Qxe3 hxg6 24. Qe4 g5 25. Qg6+   {Black resigns} 1-0

[Event "Team 45 45 League T25"]
[Site "Free Internet Chess Server"]
[Date "PST.01.0"]
[Round "3"]
[White "kballoloco"]
[Black "mandragora"]
[Result "1/2-1/2"]
[WhiteElo "1540"]
[BlackElo "1809"]
[TimeControl "2700+45"]

1. e4 e5 2. Nf3 Nc6 3. Bb5 a6 4. Ba4 Nf6 5. O-O Nxe4 6. d4 b5 7. Bb3 d5 8. dxe5 Be6 9. Be3 Nc5 10. Nbd2 Be7 11. c3 Nxb3 12. Nxb3 O-O 13. Nbd4 Nxd4 14. cxd4 Bg4 15. Rc1 f6 16. e6 Bd6 17. Rc3 Bxe6 18. Ne1 Bf5 19. Nd3 Bxd3 20. Qxd3 Qd7 21. Rfc1 Rac8 22. Rc6 Ra8 23. Bd2 Rfc8 24. Ba5 Ra7 25. Qb3 Qf5 26. Qc3 Qd7 27. Qf3 Kf8 28. Kf1 Qe6 29. Bb4 Rd8 30. Bxd6+ Rxd6 31. Rxc7 Rxc7 32. Rxc7 Rc6 33. Qg3 Rxc7 34. Qxc7 h6 35. h3 Kg8 36. Qd8+ Kh7 37. Qa8 Qe4 38. Qxa6 Qb1+ 39. Ke2 Qxb2+ 40. Ke3 Qc3+ 41. Ke2 Qc4+ 42. Ke3 Kg6 43. Qa3 Kf5 44. Qb3 Qxb3+ 45. axb3 b4 46. g3 h5 47. f3 g6 48. Ke2 h4 49. gxh4 Kf4 50. Kf2 f5 51. h5 gxh5 52. h4   {Game drawn by stalemate} 1/2-1/2

[Event "Team 45 45 League T25"]
[Site "Free Internet Chess Server"]
[Date "PST.01.0"]
[Round "3"]
[White "RussoTuristo"]
[Black "geolas"]
[Result "0-1"]
[WhiteElo "1845"]
[BlackElo "1797"]
[TimeControl "2700+45"]

1. Nf3 c5 2. d3 e6 3. Nbd2 Nc6 4. g3 d5 5. Bg2 Nf6 6. O-O Bd7 7. Re1 b5 8. e4 dxe4 9. dxe4 e5 10. c3 Be7 11. Nf1 Qc8 12. Bg5 O-O 13. Ne3 Be6 14. Bxf6 Bxf6 15. Qc2 Rd8 16. b3 b4 17. Rad1 bxc3 18. Rxd8+ Bxd8 19. Qxc3 Ba5 20. Qxc5 Bxe1 21. Nxe1 Qe8 22. Nd5 Rc8 23. Nd3 Qd7 24. h4 Bxd5 25. Qxd5 Qe7 26. f4 exf4 27. Nxf4 Ne5 28. Nd3 Nxd3 29. Qxd3 Rd8 30. Qa6 g6 31. Kh2 Rd2 32. Qc8+ Rd8 33. Qc3 f6 34. a4 Qe5 35. Qc4+ Kg7 36. b4 Rd2 37. Kh3 g5 38. Qc8 gxh4 39. Qg4+ Qg5 40. Qxg5+ fxg5 41. gxh4 g4+ 42. Kg3 h5 43. e5 Re2 44. Bc6 Rxe5 45. b5 Re3+ 46. Kg2 Ra3 47. a5 Rxa5 48. Kg3 Ra3+ 49. Kf4 Kh6 50. Bg2 Ra4+ 51. Kg3 Kg6 52. Bf1 Rd4 53. Bg2 Kf6 54. Kh2 Rd3 55. Kg1 Ke5 56. Bf1 Rd1 57. Kf2 Rxf1+   {White resigns} 0-1

[Event "Team 45 45 League T25"]
[Site "Free Internet Chess Server"]
[Date "2004.12.31"]
[Round "3"]
[White "RomaLavrn"]
[Black "Pilia"]
[Result "0-1"]
[WhiteElo "1865"]
[BlackElo "1884"]
[TimeControl "2700+45"]

1. c4 e5 2. Nc3 Nf6 3. Nf3 Nc6 4. a3 g6 5. g3 Nd4 6. Bg2 d6 7. O-O Nxf3+ 8. Bxf3 Bg7 9. d4 exd4 10. Qxd4 O-O 11. Qh4 Nd7 12. Qxd8 Rxd8 13. Nd5 c6 14. Ne7+ Kf8 15. Nxc8 Raxc8 16. Rb1 Ne5 17. b3 Nxf3+ 18. exf3 d5 19. cxd5 Rxd5 20. Bb2 Rd3 21. Bxg7+ Kxg7 22. Kg2 Kf6 23. Rfe1 Rcd8 24. Re3 Rd2 25. a4 Rc2 26. f4 Rdd2 27. Rf1 h5 28. h3 c5 29. g4 c4 30. bxc4 hxg4 31. hxg4 Rxc4 32. Ra1 Rxf4 33. Rf3 Rxf3 34. Kxf3 Rb2 35. Ra3 a5 36. Kg3 Rb4 37. f3 Kg5 38. Ra1 f6 39. Ra2 f5 40. gxf5 Kxf5 41. Ra3 g5 42. Ra2 Ke5 43. Re2+ Kd4 44. Re4+ Kd5 45. Rg4 Rxg4+ 46. Kxg4 b5 47. Kxg5 b4 48. f4 b3 49. f5 b2 50. f6 b1=Q 51. f7 Qf1 52. Kg6 Ke6   {White resigns} 0-1

[Event "Team 45 45 League T25"]
[Site "Free Internet Chess Server"]
[Date "PST.01.0"]
[Round "3"]
[White "Plattner"]
[Black "silversteel"]
[Result "1-0"]
[WhiteElo "1766"]
[BlackElo "1712"]
[TimeControl "2700+45"]

1. e4 e5 2. Nf3 Nc6 3. Bb5 a6 4. Ba4 Nf6 5. Bxc6 dxc6 6. d3 Bg4 7. h3 Bxf3 8. Qxf3 Qd4 9. Nc3 Bb4 10. Be3 Bxc3+ 11. Ke2 Qb4 12. bxc3 Qxc3 13. Rhc1 c5 14. Rab1 O-O-O 15. Rb3 Qa5 16. Qf5+ Nd7 17. Qxf7 Qxa2 18. Qc4 b5 19. Qd5 c4 20. dxc4 Nb6 21. Qe6+ Nd7 22. cxb5 axb5 23. Qd5 Qa4 24. Qxb5 Qxb5+ 25. Rxb5 Rhe8 26. Ra1 Nf6 27. f3 Kd7 28. Raa5 Kd6 29. Ra6+ c6 30. Bc5+ Kd7 31. Rb7+ Kc8 32. Rxg7 Rd7 33. Rxc6+ Kb7 34. Rb6+ Kc7 35. Rg5 h6 36. Rg6   {Black resigns} 1-0

[Event "Team 45 45 League T25"]
[Site "Free Internet Chess Server"]
[Date "PST.01.0"]
[Round "3"]
[White "Woodchuck"]
[Black "JoeytheBudgie"]
[Result "1/2-1/2"]
[WhiteElo "1612"]
[BlackElo "1742"]
[TimeControl "2700+45"]

1. d4 Nf6 2. c4 e6 3. Nc3 Bb4 4. a3 Bxc3+ 5. bxc3 c5 6. d5 exd5 7. cxd5 d6 8. Bg5 Nbd7 9. e3 Qa5 10. Bxf6 Nxf6 11. Qb3 O-O 12. Bd3 Bd7 13. Ne2 b5 14. Qd1 a6 15. O-O Rfe8 16. c4 bxc4 17. Bxc4 Bb5 18. Qc2 Bxc4 19. Qxc4 Qb5 20. Qxb5 axb5 21. Nc3 Reb8 22. f3 b4 23. axb4 Rxa1 24. Rxa1 cxb4 25. Rb1 Kf8 26. e4 Ke7 27. Rb3 Kd7 28. Na2 Kc7 29. Nxb4 Kd7 30. Kf2 Ne8 31. Ke3   {Game drawn by mutual agreement} 1/2-1/2

[Event "Team 45 45 League T25"]
[Site "Free Internet Chess Server"]
[Date "2004.12.30"]
[Round "3"]
[White "KymF"]
[Black "Bengbula"]
[Result "1/2-1/2"]
[WhiteElo "2100"]
[BlackElo "2078"]
[TimeControl "2700+45"]

1. d4 e6 2. c4 f5 3. g3 Nf6 4. Bg2 Be7 5. Nf3 O-O 6. O-O d6 7. Nc3 Qe8 8. b3 a5 9. Bb2 Qh5 10. e3 c6 11. Ne1 Qh6 12. Nd3 Nbd7 13. Ba3 Rf7 14. Re1 e5 15. dxe5 Nxe5 16. Rb1 Be6 17. Nf4 Bd7 18. h4 Rd8 19. Qc2 Ng6 20. Nxg6 Qxg6 21. Ne2 Rff8 22. Nf4 Qf7 23. Red1 Ne4 24. Rd3 Be6 25. Rbd1 a4 26. Nxe6 Qxe6 27. bxa4 Rd7 28. Rb3 Ra8 29. Rd4 Rxa4 30. Bh3 Rd8 31. Bxf5 Qxf5 32. Qxe4 Qxe4 33. Rxe4 Bf6 34. f3 Be5 35. g4 Rda8 36. f4 Rxa3 37. Rxa3 Rxa3 38. fxe5 dxe5 39. Rxe5 Kf7 40. Kf2 Rxa2+ 41. Kf3 b6 42. Rf5+ Ke7 43. Re5+ Kf7 44. Rf5+ Ke7 45. Re5+   {Game drawn by mutual agreement} 1/2-1/2

[Event "Team 45 45 League T25"]
[Site "Free Internet Chess Server"]
[Date "2004.12.30"]
[Round "3"]
[White "Nogger"]
[Black "nham"]
[Result "1-0"]
[WhiteElo "2045"]
[BlackElo "2011"]
[TimeControl "2700+45"]

1. c4 e5 2. Nc3 Nc6 3. Nf3 f5 4. d4 e4 5. Ng5 Nf6 6. e3 Bb4 7. Bd2 O-O 8. Qb3 d6 9. Be2 Bxc3 10. Bxc3 Qe8 11. Nh3 Rb8 12. O-O Ne7 13. d5 h6 14. c5 Ng6 15. cxd6 cxd6 16. Bb4 Qe5 17. Qa3 Rd8 18. Qxa7 Bd7 19. Bc3 Qe7 20. Rfd1 Ne5 21. Qb6 g5 22. a4 Be8 23. Rd2 Bf7 24. Rad1 Kh7 25. a5 Rg8 26. Kh1 Nh5 27. Bxe5 Qxe5 28. Qc7 Kg6 29. Bxh5+ Kxh5 30. Qxf7+ Rg6 31. Rc1 Rg8 32. Qxb7 f4 33. exf4 gxf4 34. Qf7 Kg4 35. Rc4 f3 36. Qxf3+   {Black resigns} 1-0

[Event "Team 45 45 League T25"]
[Site "Free Internet Chess Server"]
[Date "PST.01.0"]
[Round "3"]
[White "wester"]
[Black "fege"]
[Result "1/2-1/2"]
[WhiteElo "1892"]
[BlackElo "2033"]
[TimeControl "2700+45"]

1. d4 Nf6 2. c4 g6 3. Nf3 Bg7 4. g3 O-O 5. Bg2 d6 6. Nc3 c5 7. O-O Na6 8. h3 Nc7 9. e4 a6 10. Be3 Nd7 11. a4 b6 12. Qd2 Rb8 13. Bh6 e6 14. Bxg7 Kxg7 15. Rfd1 Qe7 16. e5 Rd8 17. Qf4 d5 18. cxd5 exd5 19. dxc5 Nxc5 20. Nd4 Bb7 21. Qe3 Re8 22. f4 f6   {Game drawn by mutual agreement} 1/2-1/2

[Event "Team 45 45 League T25"]
[Site "Free Internet Chess Server"]
[Date "PST.01.0"]
[Round "3"]
[White "twinders"]
[Black "noHz"]
[Result "0-1"]
[WhiteElo "1629"]
[BlackElo "1832"]
[TimeControl "2700+45"]

1. d4 d5 2. Bf4 Nf6 3. Nf3 e6 4. e3 Nbd7 5. Bd3 c5 6. c3 Be7 7. dxc5 Nxc5 8. Bc2 O-O 9. h4 a5 10. h5 Qb6 11. b3 Bd7 12. h6 g6 13. Qd4 Qd8 14. Na3 b5 15. Ne5 b4 16. Nxd7 Ncxd7 17. Nb5 Bc5 18. Qd1 e5 19. Bg5 Qb6 20. c4 dxc4 21. bxc4 Qc6 22. Qf3 Qe6 23. Bb3 Rac8 24. Rc1 Be7 25. Bxf6 Qxf6 26. Qxf6 Nxf6 27. Ke2 Rfd8 28. Rhd1 Bc5 29. Rxd8+ Rxd8 30. Nc7 Bf8 31. Nd5 Ne4 32. Kf3 Nc5 33. Nf6+ Kh8 34. Ke2 Bxh6 35. Ng4 Bg7 36. Rd1 Rxd1 37. Bxd1 f5 38. Nh2 e4 39. Nf1 Bc3 40. Nd2 Bxd2 41. Kxd2 Kg7 42. f3 h5 43. fxe4 fxe4 44. g3 Kf6 45. Ke2 g5 46. Kf2 h4 47. gxh4 gxh4 48. Kg2 Kg5 49. Kh3 a4 50. Bc2 b3 51. axb3 axb3 52. Bd1 b2 53. Bc2 Kf5 54. Kxh4 Ke5 55. Kg4 Nb3 56. Kg3 Nd2 57. c5 Kd5 58. c6 Kxc6 59. Kf4 Kd5 60. Kf5 Kc4 61. Kf4 Kc3 62. Bxe4 Nxe4 63. Kxe4 b1=Q+ 64. Kd5 Qd3+   {White resigns} 0-1

[Event "Team 45 45 League T25"]
[Site "Free Internet Chess Server"]
[Date "PST.01.0"]
[Round "3"]
[White "plume"]
[Black "fileman"]
[Result "1-0"]
[WhiteElo "1929"]
[BlackElo "1964"]
[TimeControl "2700+45"]

1. Nf3 Nc6 2. d4 d5 3. c4 Bg4 4. cxd5 Bxf3 5. gxf3 Qxd5 6. e3 e5 7. Nc3 Bb4 8. Bd2 Bxc3 9. bxc3 Qd6 10. Be2 Nge7 11. Rb1 b6 12. O-O O-O 13. Kh1 f5 14. Rg1 f4 15. Rg4 Ng6 16. Qb3+ Kh8 17. Rbg1 Rf6 18. h4 Rg8 19. Bc4 Na5 20. Bxg8 Nxb3 21. Bxb3 c5 22. h5 cxd4 23. exd4 exd4 24. hxg6 Rxg6 25. Rxg6 hxg6 26. Rg2   {Black resigns} 1-0

[Event "Team 45 45 League T25"]
[Site "Free Internet Chess Server"]
[Date "PST.01.0"]
[Round "3"]
[White "lodda"]
[Black "Veit"]
[Result "1-0"]
[WhiteElo "1943"]
[BlackElo "1922"]
[TimeControl "2700+45"]

1. d4 Nf6 2. c4 d5 3. cxd5 Nxd5 4. e4 Nf6 5. Nc3 g6 6. f3 Bg7 7. Be3 O-O 8. Bc4 e6 9. Nge2 b6 10. O-O Ba6 11. Qd3 Bxc4 12. Qxc4 Qe7 13. Rac1 Rc8 14. b4 a5 15. b5 Qb4 16. Na4 Nbd7 17. Rc2 e5 18. Rfc1 Ne8 19. d5 Nd6 20. Qxb4 axb4 21. Rxc7 Rxc7 22. Rxc7 Rxa4 23. Rxd7 Rxa2 24. Rd8+ Bf8 25. Bh6   {Black resigns} 1-0

[Event "Team 45 45 League T25"]
[Site "Free Internet Chess Server"]
[Date "2004.12.30"]
[Round "3"]
[White "RomaLavrn"]
[Black "Huevon"]
[Result "1/2-1/2"]
[WhiteElo "1867"]
[BlackElo "1950"]
[TimeControl "2700+45"]

1. c4 f5 2. Nf3 Nf6 3. Nc3 e6 4. d4 Bb4 5. Bg5 O-O 6. Rc1 b6 7. e3 Bb7 8. Be2 Qe8 9. Bxf6 Rxf6 10. O-O Bxc3 11. Rxc3 d6 12. Ne1 e5 13. dxe5 dxe5 14. Rd3 Nc6 15. Rd7 Rd8 16. Rxd8 Qxd8 17. Qxd8+ Nxd8 18. Nc2 Rd6 19. Rd1 Nf7 20. f4 c5 21. Rxd6 Nxd6 22. fxe5 Nf7 23. e6 Ng5 24. g4 g6 25. gxf5 gxf5 26. b4 Nxe6 27. bxc5 bxc5 28. Ne1 Kf7 29. Bf3 Be4 30. Bxe4 fxe4 31. Kf2 Kf6 32. Kg3 Ng7 33. Nc2 Nf5+ 34. Kg4 Nd6 35. Na3 Ke5 36. Kh5 Nf5 37. Nc2 Nd6 38. Na3 Nf5 39. Nc2 Nd6 40. Na3 Nf5   {Game drawn by repetition} 1/2-1/2

[Event "Team 45 45 League T25"]
[Site "Free Internet Chess Server"]
[Date "2004.12.31"]
[Round "3"]
[White "RussoTuristo"]
[Black "fismoluni"]
[Result "0-1"]
[WhiteElo "1870"]
[BlackElo "1657"]
[TimeControl "2700+45"]

1. Nf3 c5 2. g3 d5 3. Bg2 Nc6 4. d3 e5 5. O-O Nf6 6. b3 Bd6 7. Bb2 O-O 8. Nbd2 d4 9. c3 Re8 10. Nc4 Bc7 11. Rc1 Be6 12. Re1 Rc8 13. e3 b5 14. Na3 dxc3 15. Ba1 b4 16. Nc4 Qd7 17. Ng5 Bf5 18. e4 Bg6 19. Qc2 Nd4 20. Qd1 Rcd8 21. Ne3 h6 22. Nh3 a5 23. f3 a4 24. bxa4 Ra8 25. a3 Rxa4 26. axb4 cxb4 27. Nc2 b3 28. Nxd4 Qxd4+ 29. Nf2 b2 30. Bxb2 cxb2 31. Rb1 Ba5 32. Re2 Bc3 33. Rc2 Rea8   {White resigns} 0-1

[Event "Team 45 45 League T25"]
[Site "Free Internet Chess Server"]
[Date "PST.01.0"]
[Round "3"]
[White "twotowers"]
[Black "MStav"]
[Result "0-1"]
[WhiteElo "1613"]
[BlackElo "1713"]
[TimeControl "2700+45"]

1. d4 d5 2. c4 dxc4 3. e4 e5 4. dxe5 Qxd1+ 5. Kxd1 Nc6 6. Bf4 Bg4+ 7. f3 O-O-O+ 8. Kc1 Be6 9. a4 Bb4 10. Ne2 Nge7 11. Nec3 Nd4 12. Nd2 Nec6 13. Be3 Na5 14. Bxd4 Rxd4 15. Be2 Rhd8 16. Rd1 Rxd2 17. Rxd2 Nb3+   {White resigns} 0-1

[Event "Team 45 45 League T25"]
[Site "Free Internet Chess Server"]
[Date "PST.01.0"]
[Round "3"]
[White "BIRDSMAN"]
[Black "xplan"]
[Result "0-1"]
[WhiteElo "1587"]
[BlackElo "1530"]
[TimeControl "2700+45"]

1. e4 e5 2. Nf3 Nc6 3. Bb5 a6 4. Bxc6 dxc6 5. O-O Nf6 6. Nxe5 Bc5 7. d3 O-O 8. Be3 Bd4 9. c3 Bxe5 10. f4 Bd6 11. e5 Re8 12. Qf3 Nd5 13. Bf2 Be7 14. d4 b5 15. Nd2 Bb7 16. Qg3 Nb6 17. Rfe1 Nc4 18. Nxc4 bxc4   {White resigns} 0-1

[Event "Team 45 45 League T25"]
[Site "Free Internet Chess Server"]
[Date "2004.12.29"]
[Round "3"]
[White "KlassAct"]
[Black "TStrobaugh"]
[Result "0-1"]
[WhiteElo "1383"]
[BlackElo "1364"]
[TimeControl "2700+45"]

1. e4 c6 2. d4 d5 3. exd5 cxd5 4. Nf3 Bg4 5. Be2 Nf6 6. O-O e6 7. c3 Be7 8. h3 Bf5 9. Qa4+ Nbd7 10. Ne5 O-O 11. Nxd7 Nxd7 12. Nd2 Nf6 13. Qd1 a6 14. Nf3 Be4 15. Ng5 h6 16. Nxe4 Nxe4 17. Qd3 b5 18. Bd1 b4 19. Bc2 bxc3 20. bxc3 Rc8 21. Bd2 Bg5 22. Bxg5 hxg5 23. Qxa6 Rxc3 24. Bxe4 dxe4 25. Rfd1 e3 26. fxe3 Rxe3 27. a4 g4 28. Kf2 Qg5 29. Rd3 g3+ 30. Kf1 Qf4+ 31. Kg1 Qf2+ 32. Kh1 Re2 33. Qb7 Re1+ 34. Rxe1 Qxe1#   {White checkmated} 0-1

[Event "Team 45 45 League T25"]
[Site "Free Internet Chess Server"]
[Date "PST.01.0"]
[Round "3"]
[White "AlesD"]
[Black "ahorse"]
[Result "0-1"]
[WhiteElo "1596"]
[BlackElo "1621"]
[TimeControl "2700+45"]

1. d4 Nf6 2. e3 c5 3. c3 g6 4. Bd3 Bg7 5. Nf3 Qc7 6. O-O b6 7. Nbd2 Bb7 8. Re1 Nc6 9. Rb1 O-O 10. Nb3 Nd8 11. Nbd2 d5 12. e4 dxe4 13. Nxe4 Nxe4 14. Bxe4 Bxe4 15. Rxe4 cxd4 16. Nxd4 Nb7 17. Qe2 Rfe8 18. Bd2 Rad8 19. Nf3 Nc5 20. Rc4 Qb7 21. Be3 Nd3 22. Rh4 e5 23. Bh6 Nf4 24. Bxg7 Nxe2+ 25. Kf1 Kxg7 26. Kxe2 e4 27. Ng5 h6 28. Nh3 Rd3 29. Nf4 g5 30. Nxd3 exd3+ 31. Kxd3 gxh4 32. f3 Qd5+ 33. Kc2 Re2+ 34. Kc1 Qd2#   {White checkmated} 0-1

[Event "Team 45 45 League T25"]
[Site "Free Internet Chess Server"]
[Date "2004.12.30"]
[Round "3"]
[White "phorku"]
[Black "twinders"]
[Result "0-1"]
[WhiteElo "1499"]
[BlackElo "1613"]
[TimeControl "2700+45"]

1. e4 c5 2. Bc4 d6 3. d3 Nf6 4. f4 Nc6 5. Nf3 Bg4 6. O-O Nd4 7. Nbd2 g6 8. e5 dxe5 9. fxe5 Nd5 10. c3 Ne3 11. Qa4+ Nc6 12. Bxf7+ Kxf7 13. Qf4+ Nf5 14. Qxg4 Qxd3 15. Nb3 b6 16. Qf4 Ke8 17. Ng5 Bh6 18. Qf3 Qxf3 19. Nxf3 Bxc1 20. Raxc1 e6 21. Rce1 Ke7 22. g4 Nh6 23. h3 Rad8 24. Rd1 Nf7 25. Rxd8 Rxd8 26. Re1 c4 27. Nbd4 Nxd4 28. Nxd4 Rc8 29. Rf1 Nxe5 30. g5 Nf7 31. h4 e5 32. Nb5 a6 33. Rxf7+ Kxf7 34. Nd6+ Ke6 35. Nxc8 b5 36. Kf2 Kf5 37. Kf3 e4+ 38. Ke3 Kg4 39. Nd6 Kxh4 40. Nxe4 Kg4 41. Nf6+ Kxg5 42. Nxh7+ Kg4 43. Kf2 Kf4 44. Nf6 g5 45. Nd5+ Ke4 46. Nf6+ Kd3 47. Nd5 Kc2 48. Nb4+ Kxb2 49. Nxa6 Kxc3 50. a3 Kb2 51. Nc7 c3 52. Nd5 c2 53. Nb4 Kb1 54. Nxc2 Kxc2 55. Kg3 Kb3 56. Kg4 Kxa3 57. Kxg5 b4 58. Kf4 b3 59. Ke3 b2 60. Kd4 b1=Q 61. Kd5 Kb4 62. Ke5 Kc4 63. Kd6 Qb6+ 64. Ke5 Qd4+ 65. Ke6 Qd5+ 66. Kf6 Kd4 67. Ke7 Ke5 68. Kf8 Qb7 69. Kg8 Kf6 70. Kh8 Qg7#   {White checkmated} 0-1

[Event "Team 45 45 League T25"]
[Site "Free Internet Chess Server"]
[Date "PST.01.0"]
[Round "3"]
[White "fismoluni"]
[Black "DesparateDan"]
[Result "1-0"]
[WhiteElo "1669"]
[BlackElo "1621"]
[TimeControl "2700+45"]

1. e4 e5 2. Nf3 Nc6 3. Bc4 Nf6 4. d4 exd4 5. e5 d5 6. Bb5 Ne4 7. Nxd4 Bc5 8. Be3 Bd7 9. Bxc6 bxc6 10. O-O Qe7 11. Re1 O-O 12. f3 Ng5 13. Qd2 f6 14. exf6 Qxf6 15. Bxg5 Qxd4+ 16. Be3 Qxd2 17. Nxd2 Bxe3+ 18. Rxe3 Rae8 19. Rae1 Kf7 20. Nb3 Re7 21. Rxe7+   {Black resigns} 1-0

[Event "Team 45 45 League T25"]
[Site "Free Internet Chess Server"]
[Date "PST.01.0"]
[Round "3"]
[White "grabapawn"]
[Black "CleverBanana"]
[Result "0-1"]
[WhiteElo "1524"]
[BlackElo "1692"]
[TimeControl "2700+45"]

1. e4 c5 2. Nf3 Nc6 3. Bc4 e6 4. Nc3 Nf6 5. d3 g6 6. Qe2 Bg7 7. Nb5 O-O 8. Bg5 Qa5+ 9. c3 d5 10. Na3 dxc4 11. Nxc4 Qc7 12. O-O Ng4 13. g3 Nge5 14. Bf4 Nxf3+ 15. Qxf3 e5 16. Be3 b6 17. Na3 Bh3 18. Rfd1 Qd7 19. Rd2 Bg4 20. Qg2 f5 21. f3 Bh5 22. f4 Bh6 23. Nc4 exf4 24. gxf4 fxe4 25. dxe4 Qg4 26. Qxg4 Bxg4 27. Rf2 Rad8 28. Re1 Rd1 29. Rxd1 Bxd1 30. Nd6 Nd8 31. Rd2 Bg4 32. Kg2 Bxf4 33. Bxf4 Rxf4 34. e5 Nc6 35. e6 Bxe6 36. Nb7 Bxa2 37. Nd6 Rf8 38. Ne4 Rd8 39. Rf2 Bd5 40. Re2 Bxe4+ 41. Rxe4 Rd2+ 42. Kg3 Rxb2 43. Re6 Na5 44. Re8+ Kf7 45. Rd8 Rc2 46. Rd7+ Kf6 47. Rxa7 Rxc3+ 48. Kf4 Rc2 49. Ra6 Rxh2 50. Rxb6+ Kg7 51. Rb5 c4 52. Rxa5 c3 53. Rc5 c2 54. Ke3 h5 55. Kd3 Kf6 56. Rxc2 Rxc2 57. Kxc2 Kf5 58. Kd2 Kf4 59. Ke2 Kg3 60. Kf1 h4 61. Kg1 g5 62. Kh1 g4 63. Kg1 Kf3 64. Kf1 g3 65. Kg1 h3 66. Kh1 g2+ 67. Kg1 h2+ 68. Kxh2 Kf2 69. Kh3 g1=Q 70. Kh4 Kf3 71. Kh5 Kf4 72. Kh6 Kf5   {White resigns} 0-1

[Event "Team 45 45 League T25"]
[Site "Free Internet Chess Server"]
[Date "2004.12.30"]
[Round "3"]
[White "thelovegambit"]
[Black "JayH"]
[Result "0-1"]
[WhiteElo "1570"]
[BlackElo "1441"]
[TimeControl "2700+45"]

1. d4 Nf6 2. Nf3 d5 3. c4 c6 4. Nc3 e6 5. Bg5 Bb4 6. cxd5 Bxc3+ 7. bxc3 cxd5 8. Qc2 h6 9. Bh4 g5 10. Bg3 Ne4 11. Qd3 Qa5 12. Rc1 b6 13. Ne5 Qxa2 14. f3 Qa3 15. Qe3 Nd6 16. Qd2 f6 17. Nd3 Nc4 18. Qd1 Bd7 19. Ra1 Qxc3+ 20. Kf2 Qxd4+ 21. Ke1 Ne3 22. Qc1 Nc2+ 23. Qxc2 Qxa1+ 24. Kd2 Na6 25. e3 Rc8 26. Qb3 Ba4 27. Nb4 Bxb3 28. Bb5+ Kf7 29. Rxa1 Nxb4 30. Rxa7+ Kg8 31. Bc7 Rh7 32. Kc3 Rhxc7+ 33. Rxc7 Rxc7+ 34. Kxb3 Nc6 35. Ka4 Ne5 36. Kb3 f5 37. Be2 Kg7 38. g3 Rc1 39. f4 Nc6 40. Bb5 d4 41. Bxc6 Rxc6 42. exd4 Rc7 43. Kb2 Kg6 44. h3 Kh5 45. fxg5 Kxg5 46. Kb3 h5   {White resigns} 0-1

[Event "Team 45 45 League T25"]
[Site "Free Internet Chess Server"]
[Date "2004.12.29"]
[Round "3"]
[White "Berke"]
[Black "SamuraiGoroh"]
[Result "0-1"]
[WhiteElo "1556"]
[BlackElo "1402"]
[TimeControl "2700+45"]

1. d4 d5 2. Nf3 Nc6 3. Nc3 e6 4. a3 Be7 5. b4 a6 6. Bb2 b5 7. e4 f6 8. Bd3 Nh6 9. O-O O-O 10. Ne2 Bb7 11. Nf4 Qd7 12. c3 Nd8 13. Rc1 dxe4   {White resigns} 0-1

[Event "Team 45 45 League T25"]
[Site "Free Internet Chess Server"]
[Date "PST.01.0"]
[Round "1"]
[White "clarinetref"]
[Black "KlassAct"]
[Result "1-0"]
[WhiteElo "1488"]
[BlackElo "1367"]
[TimeControl "2700+45"]

1. Nf3 g6 2. c4 Bg7 3. Qc2 Nf6 4. Nc3 d6 5. g3 O-O 6. Bg2 e5 7. d3 Re8 8. O-O Nbd7 9. b4 e4 10. Ng5 exd3 11. exd3 Nf8 12. Bb2 Bf5 13. Bxb7 Rb8 14. Bc6 Bd7 15. Bxd7 N6xd7 16. Nce4 Rxb4 17. Bxg7 Kxg7 18. Qc3+   {Black resigns} 1-0

[Event "Team 45 45 League T25"]
[Site "Free Internet Chess Server"]
[Date "2004.12.20"]
[Round "3"]
[White "chesstalker"]
[Black "Triplea"]
[Result "1-0"]
[WhiteElo "1344"]
[BlackElo "1316"]
[TimeControl "2700+45"]

1. d4 Nf6 2. Bf4 d5 3. Nc3 Bf5 4. g3 e6 5. Bg2 Nc6 6. Nb5 Bd6 7. Nxd6+ cxd6 8. Rc1 Nxd4 9. Qxd4 Qa5+ 10. Qc3 Qxa2 11. Bxd6 Ne4 12. Qxg7 Qa5+ 13. c3 O-O-O 14. Bb4 Qa2 15. Bxe4 dxe4 16. c4 e3 17. fxe3 a5 18. Bc5 Rhg8 19. Qc3 Rd7 20. Bb6 Rg4 21. Qh8+ Rd8 22. Qxd8#   {Black checkmated} 1-0

[Event "Team 45 45 League T25"]
[Site "Free Internet Chess Server"]
[Date "2004.12.31"]
[Round "3"]
[White "manyhorses"]
[Black "jerryrab"]
[Result "1-0"]
[WhiteElo "1219"]
[BlackElo "1272"]
[TimeControl "2700+45"]

1. e4 c6 2. d4 d5 3. Nc3 Be6 4. Nf3 Nf6 5. Bd3 Bg4 6. Qe2 Nbd7 7. Bd2 e5 8. Qe3 exd4 9. Qxd4 Bc5 10. Qa4 Nb6 11. Qb3 d4 12. Ne2 O-O 13. O-O-O Re8 14. Ng5 h6 15. Qxf7+ Kh8 16. Nf4 hxg5 17. Ng6+ Kh7 18. e5 Be6 19. Nf4+ Kh6 20. Nxe6 Qe7 21. Bxg5#   {Black checkmated} 1-0

[Event "Team 45 45 League T25"]
[Site "Free Internet Chess Server"]
[Date "PST.01.0"]
[Round "1"]
[White "blkmagic"]
[Black "nasmichael"]
[Result "0-1"]
[WhiteElo "1083"]
[BlackElo "1209"]
[TimeControl "2700+45"]

1. e4 e5 2. Nc3 Nf6 3. Nf3 Nc6 4. d3 h6 5. Nd5 Nxd5 6. exd5 Ne7 7. c4 d6 8. Be3 Nf5 9. Qa4+ Bd7 10. Qb4 b6 11. Bd2 Be7 12. Be2 c6 13. dxc6 Bxc6 14. O-O O-O 15. Bc3 d5 16. Qb3 f6 17. Rad1 d4 18. Bb4 Bxb4 19. Qxb4 Kh8 20. a4 a5 21. Qa3 Rc8 22. b4 Bb7 23. bxa5 bxa5 24. Qb3 Rb8 25. Rc1 Bxf3 26. Bxf3 Rxb3 27. Rb1 Rxb1 28. Rxb1 Qd6 29. Rc1 Qa3   {White resigns} 0-1

[Event "Team 45 45 League T25"]
[Site "Free Internet Chess Server"]
[Date "PST.01.0"]
[Round "3"]
[White "adingod"]
[Black "Akavall"]
[Result "1-0"]
[WhiteElo "2116"]
[BlackElo "1855"]
[TimeControl "2700+45"]

1. d4 Nf6 2. Nf3 e6 3. Nbd2 c5 4. e3 b6 5. Bd3 cxd4 6. exd4 Bb7 7. O-O Be7 8. Qe2 O-O 9. Re1 Nc6 10. c3 Qc7 11. Ne4 Nxe4 12. Qxe4 f5 13. Qe2 Bf6 14. d5 Nd8 15. dxe6 dxe6 16. Bc4 Bd5 17. Bxd5 exd5 18. Bg5 Qf7 19. Rad1 Nc6 20. Bxf6 gxf6 21. Qd3 Rae8 22. Qxf5 Rxe1+ 23. Rxe1 d4 24. cxd4 Qxa2 25. d5 Ne5 26. Nxe5 fxe5 27. Qe6+ Rf7 28. Rc1 Qxb2 29. Qg4+ Kf8 30. Rc8+   {Black resigns} 1-0